 Dungeon Crawl Stone Soup version 0.31-a0-986-g5e6e4ef867 (webtiles) character file.

Game seed: 11898514450687772581

96 lunkers the Insei (level 5, 40/40 HPs)
             Began as a Meteoran Shapeshifter on Nov 8, 2023.
             Was a Follower of Vehumet.
             Quit the game on level 2 of the Dungeon.
             The game lasted 00:02:06 (731 turns).

lunkers the Insei (Meteoran Shapeshifter)            Turns: 731, Time: 00:02:07

Health: 40/40      AC:  2    Str: 15    XL:     5   Next: 20%
Magic:  6/6        EV: 12    Int: 12    God:    Vehumet [*.....]
Gold:   61         SH:  0    Dex: 15    Spells: 4/4 levels left

rFire   . .          .
                       - Unarmed
rCold   . . .        (no shield)
rNeg    . . .        a - +0 animal skin
rPois   .            (helmet currently unavailable)
rElec   .            (cloak currently unavailable)
rCorr   .            (gloves currently unavailable)
SInv    .            (boots currently unavailable)
Will    .....        (no amulet)
Stlth   +            (no ring)
HPRegen 0.26/turn    (no ring)
MPRegen 0.10/turn

%: no passive effects
@: beast-form, glowing
A: beast (slay +2), sense surroundings 1, otherworldly, glowing, explore regen
a: Begin Untransformation, Renounce Religion


You were on level 2 of the Dungeon.
You worshipped Vehumet.
Vehumet was aware of your devotion.
You were a hulking beast.
You visited 1 branch of the dungeon, and saw 2 of its levels.

You collected 61 gold pieces.

Inventory:

Missiles
 l - 4 curare-tipped darts
Armour
 a - a +0 animal skin (worn)
 b - a +0 helmet
Talismans
 c - a beast talisman
 d - a flux talisman
Scrolls
 i - 3 scrolls of identify {unknown}
 m - a scroll of acquirement {unknown}
Potions
 e - a potion of heal wounds {unknown}
 f - 2 potions of brilliance {unknown}
 g - 2 potions of might {unknown}
 h - a potion of resistance {unknown}
 j - a potion of curing {unknown}
 k - a potion of degeneration {unknown}


   Skills:
 - Level 1.1 Fighting
 - Level 2.1 Dodging
 * Level 5.5 Unarmed Combat
 + Level 4.5 Shapeshifting


You had 4 spell levels left.
You didn't know any spells.
Your spell library was empty.

Dungeon Overview and Level Annotations

Branches:
Dungeon (2/15) Zot: 475

Altars:
Vehumet


Innate Abilities, Weirdness & Mutations

You are a hulking beast.
Your limbs bulge with bestial killing power. (Slay +2)
You passively map a small area around you.
You are easily found by Zot.
You glow in the dark.
You regain HP and MP as you explore.


Message History

The adder misses you.
You punch the adder!
You kill the adder!
No target in view!
No target in view!
No target in view!
No target in view!
No target in view!
No target in view!
No target in view!
No target in view!
Found a stone staircase leading down.
A worm comes into view.
Found 7 gold pieces.
You punch the worm!
The worm is heavily wounded.
You hit the worm.
The worm is severely wounded.
The worm barely misses you.
You hit the worm.
The worm is severely wounded.
You punch the worm!
You kill the worm!
No target in view!
No target in view!
No target in view!
No target in view!
No target in view!
There is a stone staircase leading down here.
You now have 61 gold pieces (gained 7).
There is a stone staircase leading down here.
g - 2 sedimented emerald potions (gained 1)
Found a faded altar of an unknown god.
There is a faded altar of an unknown god here.
This altar belongs to (a) Jiyva, (b) Yredelemnul or (c) Vehumet, but you can't tell which.
Press the corresponding letter to learn more about a god, or press enter to convert or escape to cancel.
Vehumet accepts your prayer! Vehumet welcomes you!
You can now gain magical power from killing.
Vehumet offers you knowledge of Shock.
Are you sure you want to abandon this character and quit the game? (Confirm with "yes".)

##........... #######
#.###.......
#.....##########...#.......
#.###............).#.......
#.##########...........(...
#.8##########.....)..#.....
#...##P..#.##.....##..####.
#.8.P#..P.8##.....###).####
#.##...##.h##.....####..###
#.###P##P8######.#......)))
#..*####### #.........<#
#.. ###......... ###
#......... #####.[...
##.##. #.# . #.# .


There were no monsters in sight!

Vanquished Creatures
  Terence (D:2)
  Robin (D:2)
  2 adders (D:2)
  2 worms (D:2)
  2 ball pythons (D:1)
  2 bats (D:1)
  4 endoplasms (D:1)
  A giant cockroach (D:1)
  13 goblins
  A hobgoblin (D:2)
  2 frilled lizards
  A kobold (D:1)
  5 rats
37 creatures vanquished.

Notes
Turn   | Place    | Note
-------+----------+-------------------------------------------
     0 | D:1      | lunkers the Meteoran Shapeshifter began the quest for the
                  | Orb.
     0 | D:1      | Reached XP level 1. HP: 16/16 MP: 2/2
    54 | D:1      | Reached XP level 2. HP: 22/23 MP: 3/3
   110 | D:1      | Reached skill level 4 in Unarmed Combat
   290 | D:1      | Reached XP level 3. HP: 22/28 MP: 4/4
   522 | D:2      | Noticed Robin
   552 | D:2      | Killed Robin
   553 | D:2      | Reached skill level 5 in Unarmed Combat
   553 | D:2      | Reached XP level 4. HP: 28/35 MP: 5/5
   609 | D:2      | Noticed Terence
   622 | D:2      | Killed Terence
   623 | D:2      | Reached XP level 5. HP: 26/40 MP: 6/6
   725 | D:2      | Found a faded altar of an unknown god.
   730 | D:2      | Prayed at the altar of an unknown god.
   730 | D:2      | Became a worshipper of Vehumet
   730 | D:2      | Reached * piety under Vehumet
   730 | D:2      | Offered knowledge of Shock by Vehumet.
   731 | D:2      | Quit the game

Illustrated notes

Levels and vault maps discovered:
D:1:      dpeg_arrival_round_b, layout_basic
D:2:      layout_rooms, shapermc_ecumenical_altar_petra, basic_altar,
          uniq_terence, uniq_robin, uniq_jessica

Skill      XL: |  1  2  3 |
---------------+----------+-----
Unarmed Combat | 4 5 |  5.5
Shapeshifting  | 4 |  4.5
Fighting       | |  1.1
Dodging        | |  2.1

Action                     |  1- 3 |  4- 6 || total
---------------------------+-------+-------++-------
  Melee: Unarmed           |    63 |    12 ||    75
         Punch             |     2 |       ||     2
  Throw: Dart              |     3 |     1 ||     4
    Use: Potion            |     1 |       ||     1
 Armour: Animal skin       |    23 |     1 ||    24
         Skin              |    20 |       ||    20
  Dodge: Dodged            |    34 |     7 ||    41

Table legend: (Time is in decaauts)
 A = Elapsed time spent in this place.
 B = Non-inter-level travel time spent in this place.
 C = Inter-level travel time spent in this place.
 D = Time resting spent in this place.
 E = Time spent auto-exploring this place.
 F = Levels seen in this place.
 G = Mean time per level.
                   A        B        C        D        E       F      G
               +--------+--------+--------+--------+--------+-----+--------+
         Total |    725 |    683 |     42 |     18 |    451 |   2 |  362.5 |
       Dungeon |    725 |    683 |     42 |     18 |    451 |   2 |  362.5 |
               +--------+--------+--------+--------+--------+-----+--------+

Top non-repeatable levels by time:
     D:1: 485 daAuts
     D:2: 239 daAuts
